 Dungeon Crawl Stone Soup version 0.21-a0-72-gbbb65ab (webtiles) character file.

10682 Duffy the Cleaver (level 11, -7/60 HPs)
             Began as a Vine Stalker Gladiator on June 20, 2017.
             Was a Priest of Ru.
             Killed from afar by Fannar (17 damage)
             ... with a bolt of cold
             ... on level 1 of the Lair of Beasts.
             The game lasted 00:16:14 (8871 turns).

Duffy the Cleaver (Vine Stalker Gladiator)          Turns: 8871, Time: 00:16:15

Health: -7/60      AC: 23    Str: 19    XL:     11   Next: 65%
Magic:  0/12       EV:  7    Int:  8    God:    Ru [***...]
Gold:   503        SH:  0    Dex: 17    Spells: 10/10 levels left

rFire    + . .     SeeInvis +   a - +0 battleaxe
rCold    . . .     Gourm    .   (shield currently unavailable)
rNeg     . . .     Faith    .   D - +0 plate armour
rPois    .         Spirit   +   H - +2 helmet
rElec    .         Reflect  .   G - +2 cloak
rCorr    .         Harm     .   y - +1 pair of gloves
MR       +....                  r - +0 pair of boots
Stlth    ..........             (no amulet)
HPRegen  0.60/turn              n - ring of protection from fire
MPRegen  0.13/turn              b - ring of see invisible

@: no status effects
A: fangs 3, mutation resistance 1, regeneration 1, magic shield, antimagic bite,
no potion heal 3, rot immunity, inability to use devices, hated by all
a: Draw Out Power, Renounce Religion


You were on level 1 of the Lair of Beasts.
You worshipped Ru.
Ru was most pleased with you.
You were not hungry.

You visited 2 branches of the dungeon, and saw 10 of its levels.

You collected 503 gold pieces.

Inventory:

Hand Weapons
 a - a +0 battleaxe (weapon)
 e - a +3 scimitar of flaming
 I - a +0 blowgun
Missiles
 d - 3 throwing nets (quivered)
 J - 2 curare-tipped needles
Armour
 r - a +0 pair of boots (worn)
 y - a +1 pair of gloves (worn)
 D - a +0 plate armour (worn)
 G - a +2 cloak (worn)
 H - a +2 helmet (worn)
Jewellery
 b - a ring of see invisible (right hand)
 n - a ring of protection from fire (left hand)
 F - an uncursed ring of positive energy
Scrolls
 h - a scroll of blinking
 k - a scroll of fear
 o - 3 scrolls of teleportation
 u - a scroll of enchant armour {unknown}
 v - 6 scrolls of remove curse
 w - a scroll of immolation
 E - a scroll of random uselessness {unknown}
Potions
 g - a potion of magic
 m - 7 potions of curing
 p - 3 potions of flight
 q - a potion of haste
 t - a potion of might
 x - a potion of agility
 z - a potion of cancellation
 A - 2 potions of invisibility
 B - a potion of berserk rage
 C - a potion of lignification
Comestibles
 c - 6 chunks of flesh
 f - 7 bread rations
 i - 5 royal jellies
 j - 6 meat rations
 l - 6 fruits


   Skills:
 + Level 8.6 Fighting
 * Level 12.4 Axes
 - Level 1.7 Throwing
 + Level 6.5 Armour
 - Level 2.4 Dodging


You had 10 spell levels left.
You didn't know any spells.

Dungeon Overview and Level Annotations

Branches:
Dungeon (9/15)             Temple (0/1) D:5            Lair (1/6) D:8
    Orc: D:9-12

Altars:
Cheibriados
Dithmenos
Ru
Wu Jian
Xom
Zin

Shops:
D:4 }

Annotations:
Lair:1 Fannar


Innate Abilities, Weirdness & Mutations

You have razor-sharp teeth.
Your natural rate of healing is unusually fast.
When hurt, damage is shared between your health and your magic reserves.
Your bite disrupts and absorbs the magic of your enemies.
Potions cannot restore your health.
You are immune to rotting.
You cannot study or use magical devices.
You are hated by all.
You are somewhat resistant to further mutation.


Message History

The bolt of cold hits you!
The ice beast hits you but does no damage.
There is a staircase back to the Dungeon, spattered with blood here.
You hit Fannar but do no damage.
Fannar is almost dead.
You slash the ice beast!
The ice beast hits you but does no damage.
Fannar hits you but does no damage.
You hit Fannar. You bite Fannar, but do no damage.
Fannar is almost dead.
Your plate armour prevents you from hitting the ice beast.
You slash the ice beast! The ice beast barely misses you.
The ice beast hits you but does no damage.
Fannar casts a spell.
Fannar blinks!
The ice beast hits you but does no damage.
The ice beast hits you but does no damage.
Fannar points at you and mumbles some strange words.
The bolt of cold hits you!
You die...

........## ...
........##..## .
............. ..
##..............
###..#......#.#.#
#....#......... #..
F.P###..........#.##.....
##...........e.Y..........
#.....F###.....@Y#P###.....
....... ##.....%.### .....
#......##.........## .#..##
#....#..#######..# #..#..##
#......#######..###.......##
#.##....#
#.........#.......#
#..........P###.....# .#..
#...........## ###..[###..#
..........#### #.....##..##
.#


You could see Fannar and 2 ice beasts.

Vanquished Creatures
  Erica (D:8)
  A two-headed ogre (D:8)
  Joseph (D:8)
  Maurice (D:8)
  3 komodo dragons
  9 blink frogs (D:8)
  A hippogriff (D:7)
  A wyvern (D:8)
  A basilisk (D:8)
  A hungry ghost (D:8)
  Grum (D:9)
  Duvessa (D:5)
  2 water moccasins
  2 porcupines (D:8)
  2 orc warriors
  2 phantoms
  3 sky beasts
  3 centaurs
  15 wolves
  A necrophage (D:7)
  2 big kobolds
  8 bullfrogs
  A gnoll sergeant (D:8)
  Dowan (D:5)
  3 wights (D:8)
  2 howler monkeys
  A centaur zombie (D:7)
  A crimson imp (D:7)
  A quasit (D:3)
  4 jellies
  5 orc priests
  A bullfrog skeleton (D:7)
  10 orc wizards
  A hound (D:4)
  A centaur skeleton (D:4)
  3 iguanas (D:5)
  8 worker ants
  A killer bee zombie (D:6)
  2 hound skeletons
  A worker ant zombie (D:5)
  3 gnolls (D:8)
  11 adders
  2 shadow imps
  2 adder skeletons
  3 worms
  3 dart slugs
  5 leopard geckos
  31 orcs
  10 giant cockroaches
  7 hobgoblins
  10 jackals
  5 quokkas
  2 ball pythons
  A ball python skeleton (D:3)
  6 bats
  4 frilled lizards
  4 goblins
  A jackal zombie (D:5)
  33 kobolds
  A leopard gecko zombie (D:4)
  10 rats
  A plant (D:8)
264 creatures vanquished.

Vanquished Creatures (others)
  A two-headed ogre (D:8)
  The ghost of Doomer the Magician, an amateur DEAE (D:4)
  A centaur (D:5)
3 creatures vanquished.

Grand Total: 267 creatures vanquished

Notes
Turn   | Place    | Note
-------+----------+-------------------------------------------
     0 | D:1      | Duffy the Vine Stalker Gladiator began the quest for the Orb.
     0 | D:1      | Reached XP level 1. HP: 11/11 MP: 2/2
    65 | D:1      | Reached skill level 3 in Axes
    84 | D:1      | Reached XP level 2. HP: 15/15 MP: 3/3
   573 | D:1      | Reached XP level 3. HP: 17/18 MP: 2/4
  1107 | D:2      | Reached skill level 4 in Axes
  1207 | D:2      | Gained mutation: Your natural rate of healing is unusually fast. [Vine Stalker growth]
  1207 | D:2      | Reached XP level 4. HP: 22/23 MP: 5/5
  1509 | D:2      | Found a sacrificial altar of Ru.
  1520 | D:2      | Became a worshipper of Ru the Awakened
  1639 | D:2      | Found a shimmering altar of Xom.
  1770 | D:3      | Found a transporter.
  1774 | D:3      | Noticed a bullfrog
  1776 | D:3      | Found an ornate altar of the Wu Jian Council.
  1787 | D:3      | Found a transporter.
  1819 | D:3      | Reached skill level 5 in Axes
  1819 | D:3      | Reached XP level 5. HP: 10/26 MP: 4/6
  2350 | D:3      | Gained mutation: You cannot study or use magical devices. [Ru sacrifice]
  2350 | D:3      | Reached * piety under Ru
  2350 | D:3      | Reached ** piety under Ru
  2522 | D:3      | Reached XP level 6. HP: 23/32 MP: 5/7
  2715 | D:4      | Found Aganwuh's Gadget Boutique.
  2742 | D:4      | Reached skill level 6 in Axes
  3126 | D:4      | Noticed Doomer's ghost (amateur DEAE)
  3134 | D:4      | Killed Doomer's ghost
  3134 | D:4      | Reached XP level 7. HP: 29/36 MP: 5/8
  3274 | D:4      | Found a glowing silver altar of Zin.
  3331 | D:5      | Entered Level 5 of the Dungeon
  3376 | D:5      | Reached skill level 7 in Axes
  3772 | D:5      | Found a snail-covered altar of Cheibriados.
  3823 | D:5      | Noticed Dowan
  3824 | D:5      | Noticed Duvessa
  3837 | D:5      | Killed Duvessa
  3837 | D:5      | Gained mutation: You have razor-sharp teeth. [Vine Stalker growth]
  3837 | D:5      | Reached XP level 8. HP: 33/42 MP: 9/9
  3849 | D:5      | Found a staircase to the Ecumenical Temple.
  3850 | D:5      | Killed Dowan
  3923 | D:5      | Reached skill level 8 in Axes
  4031 | D:5      | Found a shadowy altar of Dithmenos.
  4401 | D:6      | Gained mutation: You are hated by all. [Ru sacrifice]
  4401 | D:6      | Reached *** piety under Ru
  4455 | D:6      | Reached skill level 1 in Armour
  4580 | D:6      | Reached skill level 5 in Fighting
  5049 | D:6      | Reached XP level 9. HP: 47/47 MP: 7/10
  5057 | D:6      | Reached skill level 9 in Axes
  5543 | D:7      | Gained mutation: You are somewhat resistant to further mutation. [mutagenic meat]
  5868 | D:8      | Noticed Joseph
  5868 | D:8      | Noticed a two-headed ogre
  5908 | D:8      | Noticed a two-headed ogre
  5957 | D:8      | Noticed Erica
  5962 | D:8      | Killed Erica
  5962 | D:8      | Reached skill level 10 in Axes
  5962 | D:8      | Reached XP level 10. HP: 53/53 MP: 11/11
  5971 | D:8      | Killed a two-headed ogre
  5973 | D:8      | Killed Joseph
  6435 | D:8      | Killed a two-headed ogre
  6435 | D:8      | Reached skill level 11 in Axes
  6559 | D:8      | Reached skill level 5 in Armour
  6875 | D:8      | Found a staircase to the Lair.
  7113 | D:8      | Noticed Maurice
  7152 | D:8      | Killed Maurice
  7868 | D:9      | Noticed Grum
  7884 | D:9      | Killed Grum
  7884 | D:9      | Reached XP level 11. HP: 36/59 MP: 10/12
  7922 | D:9      | Noticed a two-headed ogre
  8025 | Lair:1   | Entered Level 1 of the Lair of Beasts
  8301 | D:8      | Reached skill level 12 in Axes
  8744 | Lair:1   | Noticed Fannar
  8871 | Lair:1   | Killed from afar by Fannar

Vault maps used:
D:1:      dpeg_arrival_renting
D:2:      xom_teletrap_fun, nicolae_ru_the_path_less_chosen, first_bread
D:3:      gammafunk_temple_overflow_arena
D:4:      zin_scriptorium, serial_shops, nicolae_shop_statue_plus
D:5:      kennysheep_mini_moat, grunt_dithmenos_shadows,
          minmay_temple_entry_statues_fountains, uniq_duvessa
D:7:      minmay_misc_feat_cross
D:8:      kennysheep_kobold_camp, lair_entry_dummy, uniq_joseph, uniq_erica,
          uniq_maurice
D:9:      minmay_the_grid_3x2, serial_shops, nicolae_shop_trees,
          hangedman_pestilent_swarm, uniq_grum
Lair:1:   beast_lair_carwin_6, minmay_lair_oklob_chamber, uniq_fannar

Skill      XL: |  1  2  3  4  5  6  7  8  9 10 11 |
---------------+----------------------------------+-----
Axes           | 3 4 5 6 7 8 10 11 12 | 12.4
Fighting       | 2 3 4 5 6 7 8 |  8.6
Armour         | 2 3 5 6 |  6.5
Throwing       | |  1.7
Dodging        | |  2.4

Action                   |  1- 3 |  4- 6 |  7- 9 | 10-12 || total
-------------------------+-------+-------+-------+-------++-------
Melee: War axe           |    94 |   153 |   259 |       ||   506
       Bite              |    22 |    42 |   117 |   114 ||   295
       Battleaxe         |       |       |    44 |   354 ||   398
Invok: Sacrifice Artific |       |     1 |       |       ||     1
       Sacrifice Love    |       |       |     1 |       ||     1
       Draw Out Power    |       |       |     1 |     3 ||     4
       Reject Sacrifices |       |       |       |     1 ||     1
  Use: Scroll            |     3 |     3 |     5 |     6 ||    17
       Potion            |       |       |     4 |       ||     4
 Stab: Sleeping          |     1 |     2 |       |       ||     3
       Distracted        |       |       |     1 |     2 ||     3
       Invisible         |       |       |       |     3 ||     3
  Eat: Chunk             |     1 |     6 |    15 |    13 ||    35
Armor: Leather armour    |    22 |    55 |     8 |       ||    85
       Chain mail        |       |       |    93 |       ||    93
       Skin              |       |       |    13 |    10 ||    23
       Plate armour      |       |       |    25 |   306 ||   331
Dodge: Dodged            |    79 |    86 |    67 |   147 ||   379
Block: Shield            |       |    57 |    82 |       ||   139
